 Dungeon Crawl Stone Soup version 0.18.1-6-gd335043 (webtiles) character file.

1159 MTVSty1e the Skirmisher (level 8, -3/109 HPs)
             Began as a Purple Draconian Berserker on May 16, 2016.
             Was an Elder of Trog.
             Slain by a killer bee (4 damage)
             ... on level 6 of the Dungeon.
             The game lasted 00:19:03 (5048 turns).

MTVSty1e the Skirmisher (DrBe)                      Turns: 5048, Time: 00:19:05

Health: -3/109     AC:  8    Str: 26    XL:     8   Next: 16%
Magic:  8/8        EV: 16    Int:  8    God:    Trog [****..]
Gold:   251        SH:  0    Dex: 11    Spells: 0 memorised, 7 levels left

rFire  . . .     SeeInvis +     n - +0 battleaxe
rCold  . . .     Gourm    .     (armour unavailable)
rNeg   . . .     Faith    .     (shield currently unavailable)
rPois  .         Spirit   .     (helmet restricted)
rElec  .         Dismiss  .     (no cloak)
rCorr  .         Reflect  .     j - +1 pair of gloves
SustAt .         Harm     .     (no boots)
MR     +++..                    (no amulet)
Stlth  ..........               s - ring of see invisible
                                q - +2 ring of evasion

@: berserking, lethally poisoned (-3 -> -6), regenerating, very quick, extremely
resistant to hostile enchantments, extremely unstealthy
A: breathe power, unfitting armour, cold-blooded, AC +6
a: Breathe Dispelling Energy, Berserk, Trog's Hand, Brothers in Arms, Burn
Spellbooks, Renounce Religion


You were on level 6 of the Dungeon.
You worshipped Trog.
Trog was greatly pleased with you.
You were not hungry.

You visited 1 branch of the dungeon, and saw 6 of its levels.

You collected 251 gold pieces.

Inventory:

Hand Weapons
 a - a +0 hand axe
 h - a +0 hand axe of draining
 n - a +0 battleaxe (weapon)
Missiles
 p - 5 tomahawks (quivered)
Armour
 b - a +0 buckler
 j - a +1 pair of gloves (worn)
Jewellery
 q - a +2 ring of evasion (left hand)
 s - a ring of see invisible (right hand)
Scrolls
 c - 2 scrolls of remove curse
 d - a scroll of fear
 e - 4 scrolls of recharging
 f - 10 scrolls of identify
 g - 2 scrolls of random uselessness
 u - a scroll of enchant armour
 v - a scroll of magic mapping
Potions
 i - a potion of flight {unknown}
 k - a potion of haste {unknown}
 l - 2 potions of curing {unknown}
 m - 2 potions of magic {unknown}
 o - a potion of degeneration {unknown}
 r - 4 potions of lignification {unknown}
 t - a potion of invisibility {unknown}


   Skills:
 * Level 7.2 Fighting
 + Level 5.2 Axes
 + Level 6.3 Dodging
 + Level 1.2 Stealth


You had 7 spell levels left.
You didn't know any spells.

Dungeon Overview and Level Annotations

Branches:
Dungeon (6/15)             Temple (0/1) D:5

Altars:
Ashenzari
Cheibriados
Okawaru


Innate Abilities, Weirdness & Mutations

You can breathe bolts of dispelling energy.
Your rich purple scales are hard (AC +6).
Your body does not fit into most forms of armour.
You are cold-blooded and may be slowed by cold attacks.


Message History

The killer bee stings you but does no damage.
The killer bee stings you.
* * * LOW HITPOINT WARNING * * *
The killer bee barely misses you. The quasit misses you. The quasit claws you.
* * * LOW HITPOINT WARNING * * *
The quasit closely misses you. The killer bee closely misses you.
The killer bee stings you but does no damage.
You miss the killer bee. You tail-slap the killer bee!
The killer bee is almost dead.
You miss the killer bee.
The killer bee is severely wounded.
You barely miss the killer bee. You barely miss the quasit.
* * * LOW HITPOINT WARNING * * *
You feel sick. The killer bee closely misses you.
The killer bee completely misses you.
The killer bee stings you but does no damage.
The quasit closely misses you.
The quasit claws you but does no damage.
The quasit misses you. The killer bee stings you.
You die...

........# #.. .........
........###.###.# #....##
................# #._...#
........##......###.....#
........##...#..........#
............###..######.#
........O...# ##..#####.#
.......yy#### ##..##..).
.......5@# ##..#....
Z....#+#y# ##.#.... ....<
+.# #...... .... ###
######...... ...
##........... ..[
##...[........
##........(....
#..............
#...............


You could see an ogre, 3 killer bees and a quasit.

Vanquished Creatures
  Menkaure (D:4)
  An ogre (D:6)
  A phantom (D:5)
  2 giant frogs
  A scorpion (D:5)
  2 killer bees (D:6)
  2 crimson imps
  2 hounds
  An orc priest (D:4)
  2 orc wizards
  A giant frog skeleton (D:4)
  An iguana (D:4)
  Natasha (thrice) (D:3)
  2 worker ants (D:5)
  7 adders
  An ooze (D:4)
  An adder skeleton (D:4)
  4 worms
  5 dart slugs
  5 giant geckos
  14 orcs
  3 ball pythons
  5 giant cockroaches
  8 goblins
  10 hobgoblins
  12 jackals
  6 kobolds
  A quokka (D:2)
  10 bats
  4 giant newts
  A quokka skeleton (D:3)
  7 rats
126 creatures vanquished.

Notes
Turn   | Place    | Note
--------------------------------------------------------------
     0 | D:1      | MTVSty1e the Draconian Berserker began the quest for the Orb.
     0 | D:1      | Reached XP level 1. HP: 19/19 MP: 1/1
    60 | D:1      | Reached XP level 2. HP: 18/26 MP: 2/2
   481 | D:1      | Reached skill level 4 in Fighting
   561 | D:1      | Reached ** piety under Trog
   572 | D:1      | Reached XP level 3. HP: 32/33 MP: 3/3
   714 | D:1      | Found a shattered altar of Ashenzari.
  1670 | D:2      | Reached *** piety under Trog
  1670 | D:2      | Reached XP level 4. HP: 41/41 MP: 4/4
  2263 | D:3      | Noticed Natasha
  2268 | D:3      | Killed Natasha
  2337 | D:3      | Noticed Natasha
  2350 | D:3      | Killed Natasha
  2350 | D:3      | Reached XP level 5. HP: 21/47 MP: 5/5
  2376 | D:3      | Noticed Natasha
  2389 | D:3      | Killed Natasha
  2675 | D:3      | Reached skill level 5 in Fighting
  2780 | D:3      | Reached skill level 1 in Stealth
  3035 | D:4      | Reached XP level 6. HP: 48/56 MP: 6/6
  3685 | D:4      | Noticed Menkaure
  3704 | D:4      | Killed Menkaure
  3704 | D:4      | Reached skill level 6 in Fighting
  3704 | D:4      | Reached skill level 5 in Dodging
  3704 | D:4      | Your scales start taking on a rich purple colour.
  3704 | D:4      | Reached XP level 7. HP: 62/63 MP: 7/7
  3977 | D:4      | Found an iron altar of Okawaru.
  4056 | D:5      | Entered Level 5 of the Dungeon
  4184 | D:5      | Reached **** piety under Trog
  4608 | D:5      | Found a staircase to the Ecumenical Temple.
  4687 | D:5      | Reached skill level 5 in Axes
  4871 | D:6      | Found a snail-covered altar of Cheibriados.
  4880 | D:6      | Reached XP level 8. HP: 71/71 MP: 8/8
  5003 | D:6      | Reached skill level 7 in Fighting
  5046 | D:6      | HP: 5/109 [killer bee (1)]
  5047 | D:6      | HP: 1/109 [quasit (2)]
  5048 | D:6      | Slain by a killer bee

Skill      XL: |  1  2  3  4  5  6  7  8 |
---------------+-------------------------+-----
Fighting       | 4 5 6 7 |  7.2
Dodging        | 3 4 5 6 |  6.3
Stealth        | 1 |  1.2
Axes           | 4 5 |  5.2

Action                   |  1- 3 |  4- 6 |  7- 9 || total
-------------------------+-------+-------+-------++-------
Melee: Hand axe          |   166 |   157 |    89 ||   412
       Tailslap          |    20 |    15 |    19 ||    54
       Battleaxe         |       |       |    47 ||    47
Invok: Berserk           |       |     5 |     2 ||     7
       Trog's Hand       |       |     4 |     2 ||     6
       Burn Spellbooks   |       |       |     1 ||     1
  Use: Scroll            |     2 |     5 |     2 ||     9
 Stab: Sleeping          |     1 |     1 |     1 ||     3
  Eat: Bread ration      |     1 |       |     1 ||     2
       Beef jerky        |       |     1 |       ||     1
       Meat ration       |       |     1 |       ||     1
       Fruit             |       |     2 |       ||     2
       Chunk             |       |     1 |     3 ||     4
Armor: Skin              |    56 |    46 |    52 ||   154
Dodge: Dodged            |   125 |   136 |   183 ||   444
Block: Buckler           |       |       |     2 ||     2
